AoeStats
← raton

Pilgrims

508304586Analyzed
4v4 RM · 10d ago on Sep 21, 2026· 40m 9s· 8 players
Game mode
Random Map
Map size
Large (8 player)
Population
200
Speed
Normal
Resources
Standard
Victory
Conquest
Starting age
Dark Age
Ending age
Imperial Age
RankedLock teamsTeams togetherTeam positionsShared explorationLock speedFull tech treeHidden civsTurbo modeCheats
Victory
Defeat
🇪🇸 Armenians · Spain
1214
+16
🇪🇸 Cumans · Spain
1194
+16
🇪🇸 Dravidians · Spain
1182
+17
🇪🇸 Bulgarians · Spain
1141
+19
🇨🇴 Malians · Colombia
1244
-19
🇬🇧 Vietnamese · United Kingdom
1200
-17
🇬🇧 Italians · United Kingdom
1180
-16
🇹🇷 Burgundians · Türkiye
1178
-16
madarahel
7:20 Loom
14:25 Feudal Age
19:06 Castle Age
18:18 Horse Collar
22:48 Scale Barding Armor
23:53 Forging
32:18 Padded Archer Armor
34:50 Chain Barding Armor
Bo0MBaStiC
5:04 Loom
14:24 Feudal Age
15:09 Fishing Lines
15:59 Fletching
20:29 Castle Age
19:07 Double-Bit Axe
20:25 Stone Mining
24:00 Bodkin Arrow
24:18 Bow Saw
27:02 Wheelbarrow
26:27 Gillnets
28:13 Padded Archer Armor
28:10 Gold Mining
28:59 Elite Skirmisher
29:57 Leather Archer Armor
32:15 Horse Collar
38:37 Hand Cart
40:05 Heavy Plow
_IZJ90
13:07 Feudal Age
16:59 Castle Age
15:30 Double-Bit Axe
16:25 Fletching
17:43 Crossbowman
19:28 Loom
21:00 Padded Archer Armor
25:17 Bodkin Arrow
28:16 Horse Collar
31:24 Fervor
32:05 Bow Saw
35:14 Thumb Ring
35:33 Ballistics
37:10 Wheelbarrow
CyMi
11:44 Feudal Age
12:55 Loom
17:20 Castle Age
15:38 Fishing Lines
16:19 Fletching
16:52 Gold Mining
16:55 Stone Mining
17:39 Double-Bit Axe
20:35 Bodkin Arrow
22:17 Town Watch
24:11 Scale Mail Armor
28:28 Chain Mail Armor
30:19 Wheelbarrow
29:27 Horse Collar
30:36 Elite Skirmisher
33:22 Gillnets
35:25 Hand Cart
39:25 Imperial Age
39:04 Bloodlines
38:55 Husbandry
40:13 Forging
40:04 Padded Archer Armor
39:33 Heavy Camel Rider
Trinidad
4:49 Loom
13:21 Feudal Age
18:07 Castle Age
16:46 Wheelbarrow
16:31 Double-Bit Axe
18:04 Horse Collar
18:17 Gold Mining
18:17 Stone Mining
19:04 Bloodlines
19:07 Scale Barding Armor
19:12 Forging
20:32 Chain Barding Armor
20:48 Iron Casting
20:15 Squires
21:11 Scale Mail Armor
21:33 Gambesons
21:50 Pikeman
22:46 Husbandry
24:51 Hand Cart
24:39 Arson
28:22 Fletching
28:51 Chain Mail Armor
30:28 Heavy Plow
31:46 Stirrups
32:13 Bodkin Arrow
32:19 Padded Archer Armor
37:26 Imperial Age
38:39 Conscription
38:44 Capped Ram
39:52 Elite Konnik
41:09 Plate Barding Armor
41:36 Blast Furnace
Chusj
12:59 Feudal Age
13:25 Loom
16:43 Castle Age
15:27 Stone Mining
16:05 Man-at-Arms
16:50 Fletching
17:32 Arson
18:21 Scale Mail Armor
19:40 Medium Warships
19:46 Long Swordsman
25:38 Forging
25:25 Town Watch
28:30 Chain Mail Armor
29:07 Double-Bit Axe
29:04 Horse Collar
30:05 Wheelbarrow
29:07 Two-Handed Swordsman
31:25 Bow Saw
31:45 Fishing Lines
33:10 Hand Cart
33:04 Gambesons
34:05 Town Patrol
38:03 Imperial Age
36:28 Pikeman
37:27 Champion
39:16 Squires
39:49 Plate Mail Armor
39:54 Iron Casting
38:43 Capped Ram
39:54 Conscription
39:40 Fereters
40:19 Bodkin Arrow
raton
10:56 Loom
14:25 Feudal Age
15:12 Double-Bit Axe
15:24 Gold Mining
15:22 Horse Collar
19:55 Castle Age
24:39 Scale Barding Armor
26:54 Forging
29:41 Chain Barding Armor
33:33 Wheelbarrow
34:40 Light Cavalry
35:31 Bloodlines
39:02 Heavy Plow
a.arias.age
6:58 Loom
10:37 Feudal Age
11:12 Double-Bit Axe
11:45 Gold Mining
14:21 Fishing Lines
21:28 Castle Age
20:33 Stone Mining
22:23 Medium Warships
22:04 Gillnets
24:24 Wheelbarrow
24:13 Fletching
25:59 Ballistics
25:40 Bodkin Arrow
25:46 Padded Archer Armor
26:29 Thumb Ring
27:32 Leather Archer Armor
29:56 Hand Cart
29:28 Town Watch
30:27 Bow Saw
34:32 Imperial Age
33:47 Careening
33:44 Siphons
36:51 Chemistry
36:13 Dry Dock
37:12 Forging
37:07 Scale Barding Armor
37:14 Bracer
38:55 Light Cavalry
39:35 Husbandry
40:12 Iron Casting
40:09 Ring Archer Armor
40:16 Iron Casting
Connection lost

Rejoining the realm…

Still unreachable

The connection could not be restored.

Session expired

The server has moved on; the page needs a fresh start.